 Dungeon Crawl Stone Soup version 0.29-a0-1009-g60c99734e7 (webtiles) character file.

Game seed: 13829970684721432853

134 spaghetti the Caller (level 5, 0/53 HPs)
             Began as an Ogre Summoner on Aug 8, 2022.
             Slain by a black bear (6 damage)
             ... on level 3 of the Dungeon.
             The game lasted 00:06:34 (3377 turns).

spaghetti the Caller (Ogre Summoner)                Turns: 3377, Time: 00:06:34

Health: 0/53       AC:  3    Str: 12    XL:     5   Next: 17%
Magic:  0/10       EV:  9    Int: 18    God:
Gold:   120        SH:  0    Dex:  9    Spells: 1/11 levels left

rFire   . . .      SeeInvis .   s - +1 spear (vamp) {polearm}
rCold   . . .      Faith    .   (no shield)
rNeg    . . .      Spirit   .   a - +0 robe
rPois   .          Reflect  .   (helmet restricted)
rElec   .          Harm     .   (no cloak)
rCorr   .          Rampage  .   (gloves unavailable)
Will    .....                   (boots unavailable)
Stlth   +.........              t - amulet of the acrobat
HPRegen 0.17/turn               (no ring)
MPRegen 0.12/turn               (no ring)

@: no status effects
A: large, unfitting armour, tough skin 1
a: no special abilities


You were on level 3 of the Dungeon.
You visited 1 branch of the dungeon, and saw 3 of its levels.

You collected 120 gold pieces.


Innate Abilities, Weirdness & Mutations

You are too large for most types of armour.
You have tough skin. (AC +1)


   Skills:
 * Level 3.1 Fighting
 - Level 1.7 Dodging
 - Level 1.4 Stealth
 * Level 3.8 Spellcasting
 * Level 4.3 Summonings
 + Level 1.0 Ice Magic


You had one spell level left.
You knew the following spells:

 Your Spells              Type           Power      Damage    Failure   Level
a - Summon Small Mammal   Summ           72%        N/A       2%          1
b - Call Imp              Summ           18%        N/A       3%          2
c - Call Canine Familiar  Summ           18%        N/A       8%          3
d - Summon Ice Beast      Ice/Summ       13%        N/A       45%         4

Your spell library contained the following spells:

 Spells                   Type           Power      Damage    Failure   Level
 Summon Guardian Golem    Hex/Summ       11%        N/A       19%         3
 Frozen Ramparts          Ice            14%        1d3       28%         3
 Summon Lightning Spire   Summ/Air       11%        N/A       52%         4
 Ice Form                 Ice/Tmut       5%         N/A       77%         4

Inventory:

Hand Weapons
 e - a +0 short sword {short}
   (You took it off a kobold on level 1 of the Dungeon)
 g - a +0 whip {mace}
   (You found it on level 1 of the Dungeon)
 h - a +0 spear {polearm}
   (You found it on level 1 of the Dungeon)
 i - a +0 short sword {short}
   (You took it off a kobold on level 1 of the Dungeon)
 j - a +0 short sword {short}
   (You took it off a kobold on level 1 of the Dungeon)
 k - a +0 spear {polearm}
   (You found it on level 1 of the Dungeon)
 l - a +0 short sword {short}
   (You found it on level 1 of the Dungeon)
 n - a +0 club {mace}
   (You found it on level 1 of the Dungeon)
 o - a +0 mace {mace}
   (You found it on level 1 of the Dungeon)
 s - a +1 vampiric spear (weapon) {polearm}
   (You took it off a gnoll on level 2 of the Dungeon)
Missiles
 f - 41 stones {throwing}
 q - 5 boomerangs {throwing}
Armour
 a - a +0 robe (worn)
Jewellery
 t - an amulet of the acrobat (around neck)
   (You found it on level 3 of the Dungeon)
Scrolls
 c - a scroll of enchant weapon {unknown}
 d - a scroll of teleportation {@r4}
 p - 2 scrolls of noise {!r}
 r - a scroll of silence {!r}
Potions
 b - a potion of magic
 m - a potion of heal wounds {unknown}

Dungeon Overview and Level Annotations

Branches:
Dungeon (3/15) Zot: 14602

Altars:

Shops:
D:2 :

Portals:
Sewer: D:3

#.# #..###....#
#†###...##)# ###
#.##.......#
...#.##.##+##.#
#####.#.##.#S~~#..#
......$....#~~~#..#
....#.#.##.#B∩~#....
## #.#h##.#B~~#.####
# #@r..#S~~#.#
#.####.#####.#
#............#
#####....#####
..###.## #.# #.# #.#
#.#
#######.###<#######
...................


You could see a black bear (berserk, ally target), an adder, 2 giant cockroaches
and a friendly quokka (summoned).


Message History

Your bat hits the black bear.
Your hound bites the black bear.
Casting: Summon Small Mammal (safe; 2% risk of failure)
Confirm with . or Enter, or press ? or * to list all spells.
A beastly little devil appears in a puff of flame.
Your bat closely misses the black bear.
The black bear barely misses your hound. x2
The black bear claws your hound.
Your hound bites the black bear. 😨 MP[-2]
You lost 2 mp, and now have 2/10 mp.
Casting: Call Imp (safe; 3% risk of failure)
Confirm with . or Enter, or press ? or * to list all spells.
You don't have enough magic to cast this spell.
You swap places.
Your bat hits the black bear but does no damage.
Your hound barely misses the black bear.
Your bat completely misses the black bear.
The black bear goes berserk!
Your bat hits the black bear but does no damage.
Your hound bites the black bear. 😨 HP[+1] MP[+1]
The black bear bites something.
Your hound bites the black bear.
The black bear closely misses your hound. x2
The black bear barely misses your hound.
Your hound closely misses the black bear.
The black bear barely misses your hound.
The black bear claws your hound.
The black bear barely misses your hound.
Your hound bites the black bear.
The black bear bites your hound.
The black bear barely misses your hound.
The black bear claws your hound.
Your hound dies!
Your hound's corpse disappears in a puff of smoke!
Your crimson imp hits the black bear but does no damage.
Casting: Call Imp (safe; 3% risk of failure)
Confirm with . or Enter, or press ? or * to list all spells.
The black bear misses your crimson imp.
The black bear barely misses your crimson imp.
The black bear completely misses your crimson imp.
Your crimson imp hits the black bear but does no damage. 😨 MP[-3]
You lost 3 mp, and now have 0/10 mp.
The black bear misses your crimson imp. The black bear claws your crimson imp.
The black bear barely misses your crimson imp.
The black bear bites your crimson imp!
Your crimson imp dies!
Your crimson imp disappears in a puff of smoke!
You start resting.
You hear an angry growl.
A black bear is nearby! 😨 HP[+1]
What are your orders? t - Shout!
Orders for allies: a - Attack new target. r - Retreat! s - Stop attacking. g - Guard the area. f - Follow me.
Anything else - Cancel.
Gang up on whom?
Press: ? - help, Dir - move target, f - black bear
Aim: a black bear (grey smoke, almost dead, berserk, not watching you, ally target) Attack!
The black bear bites your hound.
The black bear barely misses your hound.
The black bear claws your hound.
Your hound bites the black bear. 😨 MP[+1]
The black bear bites your hound!
The black bear closely misses your hound.
The black bear claws your hound.
Your hound dies!
Your hound's corpse disappears in a puff of smoke!
You hear a shout!
Throw: 5 boomerangs {throwing}
Press: ? - help, Shift-Dir - straight line, f/p - black bear
Aim: a black bear (almost dead, berserk, 62% to hit)
You throw a boomerang {throwing}.
The boomerang {throwing} hits the black bear but does no damage.
The giant cockroach waves its antennae.
Casting: Call Canine Familiar (dangerous; 8% risk of failure)
Confirm with . or Enter, or press ? or * to list all spells.
The black bear bites you.
* * * LOW HITPOINT WARNING * * *
The black bear claws you.
* * * LOW HITPOINT WARNING * * *
The black bear claws you.
* * * LOW HITPOINT WARNING * * *
😱 HP[-6] MP[-1]
You take 6 damage, and now have 13/53 hp.
You lost 1 mp, and now have 0/10 mp.
Unknown command.
Unknown command.
You aren't carrying any items that you can evoke.
Okay, then.
Okay, then.
Okay, then.
You hit the black bear. The black bear bites you.
* * * LOW HITPOINT WARNING * * *
The black bear claws you.
* * * LOW HITPOINT WARNING * * *
The black bear claws you.
You die...

Skill      XL: |  1  2  3  4 |
---------------+-------------+-----
Fighting       | 1 2 3 |  3.1
Spellcasting   | 3 |  3.8
Summonings     | 4 |  4.3
Ice Magic      | 1 |  1.0
Dodging        | |  1.7
Stealth        | |  1.4

Action                   |  1- 3 |  4- 6 || total
-------------------------+-------+-------++-------
Melee: Unarmed           |    48 |       ||    48
       Whip              |    34 |     3 ||    37
       Spear             |       |    50 ||    50
Throw: Boomerang         |       |     1 ||     1
 Cast: Summon Small Mamm |    45 |     9 ||    54
       Call Imp          |     3 |     4 ||     7
       Call Canine Famil |     3 |     4 ||     7
  Use: Scroll            |       |     4 ||     4
 Stab: Sleeping          |     2 |     3 ||     5
Armor: Robe              |    57 |    15 ||    72
Dodge: Dodged            |    60 |    16 ||    76

Levels and vault maps discovered:
D:1:      lemuel_arrival_muddy, layout_basic, grunt_decor_one_mirror,
          grunt_decor_resistance
D:2:      layout_loops_ring, serial_rivers, chequers_serial_rivers_small_b,
          chequers_serial_rivers_small_a, chequers_serial_rivers_micro_b,
          chequers_serial_rivers_room_a, chequers_serial_rivers_micro_c,
          chequers_serial_rivers_room_b, serial_shops, shop, nrook_mini_vaults,
          grunt_ministairs_13
D:3:      layout_loops_ring, serial_shops, shop, gammafunk_ghost_abyssal_escape,
          chequers_ecumenical_altar_twisty, gup_sewer_entry_glass, uniq_jessica,
          uniq_terence

Notes
Turn   | Place    | Note
-------+----------+-------------------------------------------
     0 | D:1      | spaghetti the Ogre Summoner began the quest for the Orb.
     0 | D:1      | Reached XP level 1. HP: 16/16 MP: 3/3
     0 | D:1      | magus.rc [v1.9.6]
   415 | D:1      | Reached skill level 1 in Fighting
   422 | D:1      | Reached XP level 2. HP: 24/27 MP: 2/5
   477 | D:1      | You pick up a book of Rime and begin reading...
   477 | D:1      | You add the spells Frozen Ramparts, Ice Form and Summon Ice
                  | Beast to your library.
   749 | D:1      | HP: 6/27 [quokka (4)]
  1488 | D:1      | Reached skill level 3 in Spellcasting
  1771 | D:2      | Reached XP level 3. HP: 18/35 MP: 4/7
  1774 | D:2      | Learned a level 2 spell: Call Imp
  1778 | D:2      | Learned a level 3 spell: Call Canine Familiar
  2054 | D:2      | Found Midio's Book Shoppe.
  2096 | D:2      | Reached skill level 2 in Fighting
  2096 | D:2      | Reached skill level 4 in Summonings
  2236 | D:2      | Reached XP level 4. HP: 41/42 MP: 0/9
  2503 | D:2      | Reached skill level 1 in Ice Magic
  2582 | D:2      | Reached skill level 3 in Fighting
  2632 | D:2      | Reached XP level 5. HP: 52/53 MP: 10/10
  2807 | D:2      | Learned a level 4 spell: Summon Ice Beast
  3262 | D:3      | Found a glowing drain.
  3350 | D:3      | Noticed a black bear
  3376 | D:3      | HP: 13/53 [black bear (2)]
  3377 | D:3      | HP: 6/53 [black bear (2)]
  3377 | D:3      | Slain by a black bear

Vanquished Creatures
  2 adders (D:2)
  3 dart slugs
  An orc (D:2)
  2 endoplasms
  2 giant cockroaches (D:2)
  A goblin (D:2)
  A hobgoblin (D:1)
  3 ball pythons
  2 bats (D:2)
  2 frilled lizards
  4 kobolds
  A rat (D:2)
24 creatures vanquished.

Vanquished Creatures (collateral kills)
  2 adders (D:2)
  4 gnolls (D:2)
  4 orcs (D:2)
  2 bats
  4 endoplasms
  2 hobgoblins (D:1)
  2 kobolds (D:1)
  A quokka (D:1)
  3 ball pythons
  2 frilled lizards
  A rat (D:1)
27 creatures vanquished.

Grand Total: 51 creatures vanquished

Table legend:
 A = Non-vault XP
 B = Vault XP
 C = Vault XP percentage of total XP
 D = Non-vault monster count
 E = Vault monster count
 F = Vault count percentage of total count
                 A         B        C        D         E       F
            +---------+---------+-------+---------+---------+-------
      Total |     186 |       6 |   3.1 |      49 |       2 |   3.9
            +---------+---------+-------+---------+---------+-------
        D:1 |      30 |       0 |   0.0 |      19 |       0 |   0.0
        D:2 |     150 |       6 |   3.8 |      28 |       2 |   6.7
        D:3 |       6 |       0 |   0.0 |       2 |       0 |   0.0
            +---------+---------+-------+---------+---------+-------

Illustrated notes

Table legend:
 A = Kills in this place as a percentage of kills in entire the game.
 B = Kills by you in this place as a percentage of kills by you in the entire game.
 C = Kills by friends in this place as a percentage of kills by friends in the entire game.
 D = Other kills in this place as a percentage of other kills in the entire game.
 E = Experience gained in this place as a percentage of experience gained in the entire game.
 F = Experience gained in this place divided by the number of levels of this place that you have seen.
                   A       B       C       D       E      F
               +-------+-------+-------+-------+-------+----------------------
         Total | 100.0 | 100.0 | 100.0 |   N/A | 100.0 |  64.0
       Dungeon | 100.0 | 100.0 | 100.0 |   N/A | 100.0 |  64.0
               +-------+-------+-------+-------+-------+----------------------

Table legend: (Time is in decaauts)
 A = Elapsed time spent in this place.
 B = Non-inter-level travel time spent in this place.
 C = Inter-level travel time spent in this place.
 D = Time resting spent in this place.
 E = Time spent auto-exploring this place.
 F = Levels seen in this place.
 G = Mean time per level.
                   A        B        C        D        E       F      G
               +--------+--------+--------+--------+--------+-----+--------+
         Total |   3396 |   3288 |    108 |     18 |   2739 |   3 | 1132.0 |
       Dungeon |   3396 |   3288 |    108 |     18 |   2739 |   3 | 1132.0 |
               +--------+--------+--------+--------+--------+-----+--------+

Top non-repeatable levels by time:
     D:1: 1878 daAuts
     D:2: 1380 daAuts
     D:3: 138 daAuts
